 Dungeon Crawl Stone Soup version 0.30-a0-596-g0af90f9a20 (webtiles) character file.

Game seed: 14339647683882101932

5068 gelatine the Cleaver (level 10, -3/74 HPs)
             Began as a Demonspawn Gladiator on Jan 6, 2023.
             Was a Believer of Okawaru.
             Killed from afar by an electric eel (12 damage)
             ... with a bolt of electricity
             ... on level 8 of the Dungeon.
             The game lasted 00:20:56 (7407 turns).

gelatine the Cleaver (Demonspawn Gladiator)         Turns: 7407, Time: 00:20:57

Health: -3/74      AC: 25    Str: 27    XL:     10   Next: 31%
Magic:  22/22      EV: 12    Int:  1    God:    Okawaru [**....]
Gold:   610        SH:  0    Dex: 24    Spells: 13/13 levels left

rFire   . . .      SeeInvis +    L - +9 triple sword "Ucso" {speed, MP+9 Int-5 Dex+7}
rCold   . . .      Faith    .    (shield currently unavailable)
rNeg    . . .      Spirit   .    m - +6 chain mail of Patterns {Str+3 Int-4 SInv Stlth+}
rPois   .          Reflect  .    c - +0 helmet
rElec   .          Harm     .    O - +0 cloak
rCorr   .          Rampage  .    (no gloves)
Will    .....                    J - +2 pair of boots
Stlth   +                        (no amulet)
HPRegen 0.32/turn                t - +6 ring of strength
MPRegen 0.18/turn                r - +4 ring of protection

@: no status effects
A: hooves 2, thin skeletal structure 1, icemail 1, spiny 2, condensation shield
a: Renounce Religion, Heroism


You were on level 8 of the Dungeon.
You worshipped Okawaru.
Okawaru was pleased with you.
You visited 2 branches of the dungeon, and saw 9 of its levels.
You also visited: Bailey.

You collected 610 gold pieces.

Inventory:

Hand Weapons
 u - a +1 war axe of freezing
 L - the +9 triple sword "Ucso" (weapon) {speed, MP+9 Int-5 Dex+7}
   (You found it in a bailey)

   Int:       It affects your intelligence (-5).
   Dex:       It affects your dexterity (+7).
   MP:        It affects your magic capacity (+9).
Missiles
 e - 26 javelins
 q - 10 boomerangs (quivered)
 y - 14 poisoned darts
Armour
 c - a +0 helmet (worn)
 m - the +6 chain mail of Patterns (worn) {Str+3 Int-4 SInv Stlth+}
   (You found it on level 4 of the Dungeon)

   Str:       It affects your strength (+3).
   Int:       It affects your intelligence (-4).
   SInv:      It lets you see invisible.
   Stlth:     It makes you more stealthy.
 J - a +2 pair of boots (worn)
 O - a +0 cloak (worn)
Jewellery
 p - a +6 ring of dexterity
 r - a +4 ring of protection (right hand)
 t - a +6 ring of strength (left hand)
 C - a ring of see invisible
 F - a ring of resist corrosion
Wands
 d - a wand of mindburst (10)
 A - a wand of digging (5)
 D - a wand of roots (3)
 H - a wand of paralysis (5)
Scrolls
 b - 2 scrolls of fear {unknown}
 s - 6 scrolls of magic mapping
 w - 4 scrolls of teleportation
 x - a scroll of blinking {unknown}
 z - a scroll of noise {unknown}
 B - a scroll of butterflies {unknown}
 G - a scroll of enchant weapon {unknown}
 N - 2 scrolls of vulnerability {unknown}
Potions
 a - 3 potions of degeneration {unknown}
 f - 5 potions of brilliance {unknown}
 g - 4 potions of might
 h - 2 potions of attraction {unknown}
 i - a potion of mutation
 j - 3 potions of resistance {unknown}
 k - a potion of haste
 n - a potion of lignification {unknown}
 o - a potion of ambrosia {unknown}
 v - 3 potions of curing {unknown}
 E - a potion of cancellation {unknown}
 I - a potion of berserk rage {unknown}
 K - a potion of experience


   Skills:
 * Level 5.0 Fighting
 * Level 9.8 Axes
 + Level 3.7 Throwing
 * Level 5.1 Armour
 * Level 5.4 Dodging
 + Level 0.8 Stealth
 * Level 3.9 Shields
 + Level 2.1 Spellcasting
 + Level 1.7 Evocations


You had 13 spell levels left.
You didn't know any spells.
Your spell library contained the following spells:

 Spells                   Type           Power      Damage    Failure   Level
 Apportation              Tloc           0%         N/A       97%         1
 Freeze                   Ice            0%         1d3       97%         1
 Magic Dart               Conj           0%         1d3       97%         1
 Necrotise                Necr           0%         1d4       97%         1
 Shock                    Conj/Air       0%         1d3       97%         1
 Blink                    Tloc           0%         N/A       99%         2
 Momentum Strike          Conj/Tloc      0%         3d8       99%         2
 Frozen Ramparts          Ice            0%         1d1       100%        3
 Hailstorm                Conj/Ice       0%         3d3       100%        3
 Lesser Beckoning         Tloc           0%         N/A       100%        3
 Mephitic Cloud           Conj/Pois/Air  0%         N/A       100%        3
 Swiftness                Air            0%         N/A       100%        3
 Airstrike                Air            0%         2d(0-16)  100%        4
 Ice Form                 Ice/Tmut       0%         N/A       100%        4
 Summon Small Mammal      Summ           Unusable   N/A       N/A         1
 Call Imp                 Summ           Unusable   N/A       N/A         2
 Simulacrum               Ice/Necr       Unusable   N/A       N/A         6

Dungeon Overview and Level Annotations

Branches:
Dungeon (8/15)             Temple (1/1) D:6          Bailey (visited)
   Lair: D:8-11

Altars:
Ashenzari
Dithmenos
Gozag
Hepliaklqana
Kikubaaqudgha
Makhleb
Nemelex Xobeh
Okawaru
Qazlal
Ru
Trog
Uskayaw
Vehumet
Xom
Yredelemnul

Shops:
D:6 (


Innate Abilities, Weirdness & Mutations

You have hoof-like feet.
You have a somewhat thin skeletal structure. (Dex +2, Stealth+)
A meltable icy envelope protects you from harm. (AC +0)
You are mostly covered in sharp spines.
A meltable shield of frost defends you. (SH +0)


Message History

The bolt of electricity misses you.
The electric eel shoots out a bolt of lightning at you!
The bolt of electricity hits you.
* * * LOW HITPOINT WARNING * * *
You hear an angry hiss.
The wyvern attacks as you move away! The wyvern is struck by your spines.
You kill the wyvern!
Okawaru accepts your kill.
Found 6 gold pieces.
You are engulfed in a cloud of scalding steam.
You hear a splash.
You feel a bit more experienced.
The electric eel shoots out a bolt of lightning at you!
The bolt of electricity hits you!
* * * LOW HITPOINT WARNING * * *
A steam dragon comes into view.
The steam dragon hisses angrily.
The electric eel shoots out a bolt of lightning at you!
The bolt of electricity hits you but does no damage. x2
The troll is engulfed in a cloud of scalding steam.
The steam dragon moves out of view.
You feel much better.
The electric eel shoots out a bolt of lightning at you!
The bolt of electricity hits you. The bolt of electricity hits you!
The steam dragon breathes steam at you. The ball of steam hits you.
* * * LOW HITPOINT WARNING * * *
You hit the steam dragon.
The steam dragon is lightly wounded.
You are engulfed in a cloud of scalding steam.
The troll is struck by your spines. The troll bites you!
* * * LOW HITPOINT WARNING * * *
The troll misses you. The troll claws you but does no damage.
The steam dragon barely misses you. The steam dragon closely misses you.
You slash the troll!
The troll is heavily wounded.
You are engulfed in a cloud of scalding steam.
The electric eel shoots out a bolt of lightning at you!
The bolt of electricity hits you!
You die...

#............#...
#............###
................
###.....####.#.#
##.#.......#.##
#.#.......#..# . #
#...###..#.###..#
#.###..###..§.?D.#
.........##T@.#
...........D..#
...........#.......
.........z.†S≈~~≈..
...~./.~..~~~≈≈≈~.$.
...~.~.!≈≈~≈≈≈≈≈≈≈.~
.....~≈.≈≈≈≈≈≈≈≈≈≈~~
...~~≈≈.≈≈≈h≈hh≈≈≈~
.~≈≈~~≈~hhh.~.≈≈≈


You could see a troll, 2 steam dragons, 3 wolves, an electric eel and a wight.

Vanquished Creatures
  A wyvern (D:8)
  A steam dragon (D:7)
  Edmund (D:5)
  8 orc warriors (Bailey)
  3 ice beasts
  A black bear (D:7)
  5 ogres
  14 centaurs
  A phantom (D:5)
  A kobold brigand (D:5)
  2 necrophages
  2 bullfrogs (D:6)
  5 scorpions
  A wight (D:5)
  An electric eel (D:8)
  4 howler monkeys
  8 hounds
  2 jellies
  A gnoll bouda (D:6)
  4 iguanas
  Natasha (thrice) (D:3)
  7 orc wizards
  9 adders
  12 gnolls
  A shadow imp (D:7)
  3 white imps
  3 ufetubi
  3 worms
  3 dart slugs
  46 orcs
  7 endoplasms
  6 giant cockroaches
  7 goblins
  3 hobgoblins
  10 jackals (D:3)
  3 quokkas
  7 ball pythons
  4 bats
  5 frilled lizards
  9 kobolds
  3 rats
220 creatures vanquished.

Vanquished Creatures (others)
  An electric eel (D:8)
  An orc (Bailey)
2 creatures vanquished.

Grand Total: 222 creatures vanquished

Notes
Turn   | Place    | Note
-------+----------+-------------------------------------------
     0 | D:1      | gelatine the Demonspawn Gladiator began the quest for the
                  | Orb.
     0 | D:1      | Reached XP level 1. HP: 16/16 MP: 1/1
   317 | D:1      | Gained mutation: You are partially covered in sharp spines.
                  | [demonic ancestry]
   317 | D:1      | Reached XP level 2. HP: 18/22 MP: 2/2
   884 | D:2      | You fall into a shaft and drop 2 floors!
   905 | D:4      | Noticed an ogre
   912 | D:4      | Killed an ogre
   913 | D:4      | Reached skill level 3 in Axes
   913 | D:4      | Reached skill level 1 in Armour
   913 | D:4      | Gained mutation: You are mostly covered in sharp spines.
                  | [demonic ancestry]
   913 | D:4      | Reached XP level 3. HP: 28/28 MP: 3/3
   913 | D:4      | Gained mutation: You have a somewhat thin skeletal
                  | structure. (Dex +2, Stealth+) [demonic ancestry]
   913 | D:4      | Reached XP level 4. HP: 34/34 MP: 4/4
  1027 | D:4      | Noticed an ogre
  1041 | D:4      | Killed an ogre
  1042 | D:4      | Reached skill level 4 in Axes
  1042 | D:4      | Gained mutation: A meltable shield of frost defends you.
                  | (SH +0) [demonic ancestry]
  1042 | D:4      | Reached XP level 5. HP: 34/40 MP: 5/5
  1204 | D:4      | Identified the +6 chain mail of Patterns {Str+3 Int-4 SInv
                  | Stlth+}
  1368 | D:4      | Reached XP level 6. HP: 37/47 MP: 6/6
  2319 | D:3      | Reached skill level 5 in Axes
  2401 | D:3      | Noticed Natasha
  2406 | D:3      | Killed Natasha
  2407 | D:3      | Found a broken altar of Ashenzari.
  2574 | D:3      | Gained mutation: You have large cloven feet. [demonic
                  | ancestry]
  2574 | D:3      | Reached XP level 7. HP: 41/52 MP: 7/7
  2887 | D:2      | Found a stormy altar of Qazlal.
  3112 | D:2      | Found a faded altar of an unknown god.
  3584 | D:3      | Noticed Natasha
  3591 | D:3      | Killed Natasha
  3596 | D:3      | Noticed Natasha
  3603 | D:3      | Killed Natasha
  3832 | D:5      | Entered Level 5 of the Dungeon
  3961 | D:5      | Noticed Edmund
  3963 | D:5      | Reached skill level 1 in Shields
  3973 | D:5      | Killed Edmund
  3974 | D:5      | Reached skill level 6 in Axes
  4107 | D:5      | Reached XP level 8. HP: 58/58 MP: 9/9
  4132 | D:5      | Reached skill level 1 in Evocations
  4323 | D:5      | Reached skill level 7 in Axes
  4334 | D:5      | Reached skill level 1 in Spellcasting
  4699 | D:6      | Gained mutation: You have hoof-like feet. [demonic
                  | ancestry]
  4699 | D:6      | Reached XP level 9. HP: 65/65 MP: 12/12
  4700 | D:6      | Reached skill level 8 in Axes
  5071 | D:6      | Found Cujannuri's Antique Weapon Shop.
  5246 | D:6      | Found a staircase to the Ecumenical Temple.
  5253 | Temple   | Entered the Ecumenical Temple
  5424 | Temple   | Became a worshipper of Warmaster Okawaru
  5767 | D:6      | Found a hide-covered altar of Uskayaw.
  5926 | D:7      | Reached * piety under Okawaru
  5927 | D:7      | Reached skill level 9 in Axes
  5939 | D:7      | Found a flagged portal.
  5964 | D:7      | Reached skill level 5 in Dodging
  6095 | Bailey   | Entered a bailey
  6338 | Bailey   | Reached ** piety under Okawaru
  6339 | Bailey   | Gained mutation: A meltable icy envelope protects you from
                  | harm. (AC +0) [demonic ancestry]
  6339 | Bailey   | Reached XP level 10. HP: 60/73 MP: 13/13
  6590 | Bailey   | Reached skill level 5 in Armour
  6629 | Bailey   | Reached skill level 5 in Fighting
  6656 | Bailey   | Identified the +1 flail of Fate {drain, Fragile Will++
                  | Dex+4}
  6659 | Bailey   | Identified the +9 triple sword "Ucso" {speed, MP+9 Int-5
                  | Dex+7}
  6909 | D:7      | Found a shadowy altar of Dithmenos.
  6951 | D:7      | Found a sparkling altar of Nemelex Xobeh.
  7407 | D:8      | Killed from afar by an electric eel

Illustrated notes

Levels and vault maps discovered:
D:1:      dpeg_arrival_round_a, layout_basic
D:2:      layout_loops_ring, shapermc_ecumenical_altar_totnotflames,
          basic_altar, kennysheep_generic_room_6
D:3:      layout_basic, mainiacjoe_overflow_chevrons, uniq_natasha
D:4:      layout_layer_cave, portal_sewer_entry_d, minmay_increasing_density
D:5:      cheibrodos_fzero, layout_loops_cross, grunt_ministairs_15,
          wad_floor_pattern_2, kennysheep_small_spiral, uniq_edmund
D:6:      layout_cave_pods, lemuel_crystal_altar, temple_fountains,
          serial_rivers, chequers_serial_rivers_micro_d,
          chequers_serial_rivers_room_b, chequers_serial_rivers_room_b,
          chequers_serial_rivers_room_b, chequers_serial_rivers_room_b,
          serial_shops, nicolae_shop_window_shopping
D:7:      layout_rooms, nicolae_dithmenos_the_darkroom,
          nemelex_xobeh_ov_fountains_minmay, enter_bailey_5,
          hangedman_decor_opposing
D:8:      layout_rooms, erik_lair_island, uniq_pikel
Temple:   hellmonk_temple_forest_ring

Skill      XL: |  1  2  3  4  5  6  7  8  9 10 |
---------------+-------------------------------+-----
Dodging        | 3 4 5 |  5.4
Axes           | 3 4 5 6 7 9 |  9.8
Armour         | 1 2 3 4 5 |  5.1
Throwing       | 2 3 |  3.7
Fighting       | 3 4 5 |  5.0
Shields        | 1 2 3 |  3.9
Evocations     | 1 |  1.7
Spellcasting   | 2 |  2.1
Stealth        | |  0.8

Action                   |  1- 3 |  4- 6 |  7- 9 | 10-12 || total
-------------------------+-------+-------+-------+-------++-------
Melee: War axe           |    41 |    79 |   214 |    28 ||   362
       Kick              |       |       |    34 |       ||    34
       Punch             |       |       |     4 |     1 ||     5
       Triple sword      |       |       |       |    11 ||    11
Throw: Throwing net      |     1 |     3 |       |       ||     4
       Javelin           |       |     2 |     1 |       ||     3
       Boomerang         |       |       |    38 |    83 ||   121
  Use: Scroll            |       |     4 |     3 |       ||     7
       Potion            |       |       |       |     1 ||     1
 Stab: Held in net/web   |     1 |     1 |       |       ||     2
       Distracted        |       |     1 |       |       ||     1
Armor: Leather armour    |    13 |       |       |       ||    13
       Scale mail        |     3 |     8 |       |       ||    11
       Chain mail        |       |    35 |   156 |    82 ||   273
Dodge: Dodged            |    28 |    23 |   132 |    69 ||   252
Block: Other             |       |     5 |    40 |    10 ||    55

Table legend: (Time is in decaauts)
 A = Elapsed time spent in this place.
 B = Non-inter-level travel time spent in this place.
 C = Inter-level travel time spent in this place.
 D = Time resting spent in this place.
 E = Time spent auto-exploring this place.
 F = Levels seen in this place.
 G = Mean time per level.
                   A        B        C        D        E       F      G
               +--------+--------+--------+--------+--------+-----+--------+
         Total |   7524 |   7247 |    277 |      0 |   5549 |  10 |  752.4 |
       Dungeon |   6497 |   6258 |    239 |      0 |   5033 |   8 |  812.1 |
        Temple |    186 |    148 |     38 |      0 |    125 |   1 |  186.0 |
        Bailey |    841 |    841 |      0 |      0 |    390 |   1 |  841.0 |
               +--------+--------+--------+--------+--------+-----+--------+

Top non-repeatable levels by time:
     D:4: 1382 daAuts
     D:6: 996 daAuts
     D:3: 948 daAuts
     D:5: 875 daAuts
  Bailey: 841 daAuts
     D:2: 799 daAuts
     D:1: 751 daAuts
     D:7: 715 daAuts
  Temple: 186 daAuts
     D:8: 28 daAuts
